 Dungeon Crawl Stone Soup version 0.28.0 (webtiles) character file.

Game seed: 11815076780022402009

6594 GrayStillPlays the Skirmisher (level 11, -9/71 (73) HPs)
             Began as a Vine Stalker Fighter on Feb 12, 2022.
             Was a High Priest of the Shining One.
             Mangled by a two-headed ogre (25 damage)
             ... on level 9 of the Dungeon.
             The game lasted 00:18:15 (8668 turns).

GrayStillPlays the Skirmisher (VSFi)                Turns: 8668, Time: 00:18:15

HP:   -9/71 (73)    AC: 14    Str: 20    XL:     11   Next: 2%
MP:   0/21          EV: 12    Int: 19    God:    the Shining One [*****.]
Gold: 372           SH: 14    Dex: 21    Spells: 22/22 levels left

rFire   . . .      SeeInvis .   a - +0 war axe {axe}
rCold   + . .      Faith    .   c - +0 buckler
rNeg    + + .      Spirit   +   m - +6 scale mail "Ceihi" {*Corrode rC+ Int+3}
rPois   .          Reflect  .   (no helmet)
rElec   .          Harm     .   (no cloak)
rCorr   .          Rampage  .   (no gloves)
Will    +....                   D - +0 pair of boots
Stlth   ..........              E - amulet of Vitality {Regen+ HP+15}
HPRegen 1.81/turn               K - +6 ring of intelligence
MPRegen 0.17/turn               p - +6 ring of dexterity

@: lethally poisoned (-9 -> -9), divinely shielded, glowing, lightly drained
A: fangs 3, regeneration 1, magic shield, antimagic bite, no potion heal 2
a: Renounce Religion, Divine Shield, Cleansing Flame, Summon Divine Warrior


You were on level 9 of the Dungeon.
You worshipped the Shining One.
The Shining One was extremely pleased with you.
You visited 2 branches of the dungeon, and saw 11 of its levels.

You collected 372 gold pieces.


Innate Abilities, Weirdness & Mutations

You have razor-sharp teeth.
Your natural rate of healing is unusually fast.
When hurt, damage is shared between your health and your magic reserves.
Your bite disrupts and absorbs the magic of your enemies.
Potions cannot restore your health.


   Skills:
 + Level 6.6 Fighting
 - Level 5.4 Axes
 - Level 5.3 Armour
 + Level 5.0 Dodging
 + Level 5.4 Shields
 + Level 6.1 Spellcasting
 - Level 3.7 Summonings
 + Level 2.8 Transmutations
 + Level 5.4 Invocations


You had 22 spell levels left.
You didn't know any spells.
Your spell library contained the following spells:

 Spells                   Type           Power      Damage    Failure   Level
 Wereblood                Tmut           16%        N/A       19%         2
 Passwall                 Tmut/Erth      9%         N/A       32%         2
 Animate Skeleton         Necr           10%        N/A       36%         1
 Apportation              Tloc           10%        N/A       36%         1
 Pain                     Necr           20%        1d5       36%         1
 Ensorcelled Hibernation  Hex/Ice        10%        N/A       50%         2
 Static Discharge         Conj/Air       5%         N/A       50%         2
 Sublimation of Blood     Necr           5%         N/A       50%         2
 Gell's Gravitas          Tloc           5%         N/A       75%         3
 Lesser Beckoning         Tloc           5%         N/A       75%         3
 Swiftness                Air            5%         N/A       75%         3
 Teleport Other           Tloc           5%         N/A       75%         3
 Tukima's Dance           Hex            5%         N/A       75%         3
 Vampiric Draining        Necr           5%         2d6       75%         3
 Blade Hands              Tmut           8%         N/A       97%         5
 Anguish                  Hex/Necr       2%         N/A       98%         4
 Flame Wave               Conj/Fire      5%         2d5       98%         4
 Sticky Flame             Conj/Fire      5%         2d3       98%         4
 Alistair's Intoxication  Tmut/Pois      7%         N/A       99%         5
 Irradiate                Conj/Tmut      5%         3d15      99%         5
 Lightning Bolt           Conj/Air       2%         1d14      100%        5
 Starburst                Conj/Fire      2%         6d3       100%        6
 Dragon Form              Tmut           8%         N/A       100%        7
 Enfeeble                 Hex            2%         N/A       100%        7
 Summon Hydra             Summ           9%         N/A       100%        7
 Maxwell's Capacitive Co  Air            2%         ∞         100%        8

Inventory:

Hand Weapons
 a - a +0 war axe (weapon) {axe}
 G - a +4 short sword {short}
   (You took it off a wight on level 9 of the Dungeon)
 I - a +2 flail of freezing {mace}
   (You took it off a wight on level 5 of the Dungeon)
 J - a +2 vorpal flail {mace}
   (You took it off an orc warrior on level 8 of the Dungeon)
 P - a +1 vorpal spear {polearm}
   (You took it off a gnoll on level 6 of the Dungeon)
 S - a +5 battleaxe {axe}
   (You took it off a wight on level 7 of the Dungeon)
 T - a +4 short sword of freezing {short}
   (You took it off a wight on level 7 of the Dungeon)
 Z - a +0 hand axe of flaming {axe}
   (You took it off a wight on level 8 of the Dungeon)
Missiles
 h - 239 stones (quivered) {throwing}
 o - 17 poisoned darts {throwing}
 v - 4 atropa-tipped darts {throwing}
 H - a curare-tipped dart {=fthrowing}
 N - a throwing net {=f!fthrowing}
Armour
 c - a +0 buckler (worn)
 m - the +6 scale mail "Ceihi" (worn) {*Corrode rC+ Int+3}
   (You found it on level 2 of the Dungeon)

   Int:       It affects your intelligence (+3).
   rC:        It protects you from cold.
   *Corrode:  It may corrode you when you take damage.
 D - a +0 pair of boots (worn)
   (You found it on level 4 of the Dungeon)
 X - a +0 tower shield
   (You found it on level 7 of the Dungeon)
Jewellery
 p - a +6 ring of dexterity (right hand)
   (You found it on level 9 of the Dungeon)
 r - a ring of flight
   (You took it off a goblin on level 2 of the Dungeon)
 w - a ring of ice
   (You found it on level 3 of the Dungeon)
 y - a ring of ice
   (You found it on level 4 of the Dungeon)
 E - the amulet of Vitality (around neck) {Regen+ HP+15}
   (You found it on level 4 of the Dungeon)

   [amulet of regeneration]

   HP:        It affects your health (+15).
   Regen:     It increases your rate of health regeneration.
 K - a +6 ring of intelligence (left hand)
   (You took it off an orc on level 8 of the Dungeon)
Wands
 x - a wand of paralysis (6)
   (You found it on level 3 of the Dungeon)
 z - a wand of mindburst (10)
   (You found it on level 4 of the Dungeon)
 L - a wand of acid (3)
   (You found it on level 8 of the Dungeon)
 O - a wand of iceblast (4)
   (You found it on level 6 of the Dungeon)
Scrolls
 e - 2 scrolls of enchant armour
 g - a scroll of blinking {!r}
 j - 4 scrolls of teleportation {@r4}
 t - 2 scrolls of enchant weapon
 B - a scroll of vulnerability {!r!r}
 C - a scroll of amnesia {unknown}
 M - a scroll of fog
 U - a scroll of fear
 V - a scroll of noise {!r}
 W - a scroll of torment {forbidden!r}
 Y - a scroll of identify {@r1}
Potions
 b - a potion of resistance {unknown}
 d - a potion of degeneration {unknown}
 f - a potion of invisibility {unknown}
 i - 5 potions of curing {@q1}
 k - 3 potions of cancellation
 l - 3 potions of magic {unknown}
 n - a potion of might
 q - 2 potions of attraction {unknown}
 s - a potion of brilliance
 u - 2 potions of haste {unknown}
 A - 3 potions of mutation {unknown}
 F - a potion of flight {unknown}
 Q - a potion of heal wounds {unknown}
 R - a potion of lignification {unknown}

Dungeon Overview and Level Annotations

Branches:
Dungeon (10/15)            Temple (1/1) D:5             Orc (0/2) D:9
   Lair: D:8-11

Altars:
Ashenzari
Cheibriados
Dithmenos
Elyvilon
Fedhas
Gozag
Hepliaklqana
Okawaru
Qazlal
Ru
Sif Muna
Trog
Uskayaw
Vehumet
Xom
Yredelemnul
Zin
The Shining One

Shops:
D:4 *   D:8 :

Annotations:
D:5 exclusion: statue
D:6 2 transporters, Clumpoid's ghost, amateur GrFi

##.#..............
#.#..............
##.##.............
#..###............
#.## #.##.........
#.# #.#....#####.
#S# ##.#.#..######
#z# #...........##
#@# #........##..#
#O# ##.#..........
#s# #.#.....###..
#.# #.#.....# ##.
#.# #.#.....####.
##.#
##.####.......
#..# #...#
###>..## #.##
#.#.# ###.## #.#
##.#.#######.##


You could see a two-headed ogre, a water moccasin, a scorpion and a wight.


Message History

The wolf bites you.
Your Dodging skill increases to level 5!
You have reached level 11! 😕 HP[+4]
You now have 73 max hp (+5).
You regained 4 hp, and now have 72/73 hp.
You closely miss the wolf. You bite the wolf. You drain its power.
You feel invigorated.
You hit the iguana. The wolf misses you. The iguana bites you.
The wolf bites you but does no damage. 😕 HP[-2]
You take 2 damage, and now have 70/73 hp.
You closely miss the wolf. You barely miss the iguana.
The wolf bites you but does no damage. The iguana closely misses you.
The wolf bites you but does no damage. The iguana closely misses you. 😕 HP[+2]
You regained 2 hp, and now have 72/73 hp.
You closely miss the wolf. You bite the wolf, but do no damage.
You hit the iguana.
You kill the iguana!
The wolf barely misses you.
You block the wolf's attack. 😎 HP[+1] MP[+1]
Your hp is fully restored (73).
You hit the wolf. The wolf barely misses you. You block the wolf's attack.
You hit the wolf. You bite the wolf. You drain its power.
You feel invigorated. The wolf bites you but does no damage.
You block the wolf's attack. The wolf closely misses you. 😎 MP[+1]
You slash the wolf!
You kill the wolf!
Items here: )) [[[ ††. 😎 MP[+1]
Your mp is fully restored (21).
Items here: )) [[[ ††.
There is a stone staircase leading down here.
You climb downwards.
The water moccasin bites you. The scorpion closely misses you.
A basilisk comes into view.
The wight hits you with a +2 morningstar.
You partially resist.
You feel drained. You block the water moccasin's attack.
The iguana bites you but does no damage.
The two-headed ogre hits you with a +0 giant club!!
The two-headed ogre hits you but does no damage.
The scorpion stings you.
There is a stone staircase leading up, spattered with blood here. 😮 HP[-26] MP[-8]
You now have 72 max hp (-1).
You take 26 damage, and now have 47/72 hp.
MASSIVE DAMAGE!! (PAUSE)
You lost 8 mp, and now have 13/21 mp.
The basilisk hisses angrily.
The wyvern hisses angrily.
The water moccasin bites you but does no damage.
The wight hits you with a +2 morningstar.
You partially resist.
You feel drained. The scorpion stings you.
You are poisoned.
The scorpion poisons you! The iguana barely misses you.
The two-headed ogre hits you with a +0 giant club.
You block the two-headed ogre's attack. The water moccasin bites you.
You climb upwards.
You feel very sick.
There is a stone staircase leading down here. 😮 HP[-11] MP[-5]
You now have 71 max hp (-1).
You take 11 damage, and now have 36/71 hp.
You lost 5 mp, and now have 8/21 mp.
You hit the wight but do no damage. You slash the iguana!
You feel very sick. The wight misses you. The iguana closely misses you.
The wight closely misses you.
You hit the wight. Your bite misses the wight. You hit the iguana.
You kill the iguana!
You feel sick. The wight closely misses you. 😮 HP[+1]
Aiming: Paralyse
Press: ? - help, Q - select action, (/) - cycle Shift-Dir - straight line, f - two-headed ogre
Aim: a two-headed ogre, wielding two +0 giant clubs (haloed, chance to affect: 31%)
Okay, then.
Your shield is strengthened by the Shining One's divine power.
You feel sick. The wight barely misses you.
You block the two-headed ogre's attack.
The two-headed ogre closely misses you. 😮 HP[+1] MP[-2]
You lost 2 mp, and now have 6/21 mp.
You slash the two-headed ogre! You bite the two-headed ogre.
You drain its power.
You feel invigorated.
You barely miss the wight.
You feel sick. You block the wight's attack.
You block the two-headed ogre's attack.
The two-headed ogre hits you with a +0 giant club!
* * * LOW HITPOINT WARNING * * *
😨 HP[-10] MP[+1]
You take 10 damage, and now have 28/71 hp.
You hit the two-headed ogre but do no damage.
You bite the two-headed ogre! You drain its power.
You feel invigorated.
You hit the wight.
You feel sick.
The wight hits you with a +2 morningstar!
* * * LOW HITPOINT WARNING * * *
The two-headed ogre hits you with a +0 giant club!!
You die...

Skill      XL: |  1  2  3  4  5  6  7  8  9 10 |
---------------+-------------------------------+-----
Axes           | 2 3 4 5 |  5.4
Fighting       | 3 4 5 6 |  6.6
Shields        | 3 4 5 |  5.4
Armour         | 3 4 5 |  5.3
Spellcasting   | 1 2 3 4 6 |  6.1
Dodging        | 1 2 3 4 5 |  5.0
Invocations    | 1 2 4 5 |  5.4
Summonings     | 2 3 |  3.7
Transmutations | 2 |  2.8

Action                   |  1- 3 |  4- 6 |  7- 9 | 10-12 || total
-------------------------+-------+-------+-------+-------++-------
Melee: War axe           |    97 |   133 |   263 |   243 ||   736
       Bite              |    13 |    29 |   107 |    96 ||   245
Throw: Stone             |       |       |       |     2 ||     2
Invok: Divine Shield     |       |       |       |     1 ||     1
  Use: Scroll            |       |       |    11 |     1 ||    12
Armor: Scale mail        |    41 |    76 |   212 |    91 ||   420
Dodge: Dodged            |    54 |    81 |   185 |   111 ||   431
Block: Buckler           |    22 |    55 |    92 |    77 ||   246

Levels and vault maps discovered:
D:1:      dpeg_arrival_ternary, layout_basic
D:2:      layout_rooms, hellmonk_ecumenical_altar_run_dry,
          kennysheep_big_empty_room, minmay_goblin_kobold_house
D:3:      layout_loops_ring, mainiacjoe_overflow_alcove_2
D:4:      layout_rooms, nicolae_hepliaklqana_monster_ancestors, serial_shops,
          nicolae_shop_hallway_plus, uniq_natasha
D:5:      layout_gridville, vehumet_statue, minmay_temple_entry_junction,
          minmay_fractal_squares_gapless_5, uniq_menkaure
D:6:      layout_cave_pods, gammafunk_ghost_smash, serial_bayou_pond_c,
          hex_medium
D:7:      layout_loops_cross, mainiacjoe_overflow_24_doors
D:8:      layout_loops_cross, serial_shops, nicolae_lakefront_shop,
          grunt_ministairs_3
D:9:      minmay_general_purpose_star, layout_rooms, zombieorc2_lemuel
D:10:     layout_irregular_city, mainiacjoe_overflow_catwalk_spiral,
          minmay_lair_entry_grove
Temple:   nicolae_temple_elliptical

Notes
Turn   | Place    | Note
-------+----------+-------------------------------------------
     0 | D:1      | GrayStillPlays the Vine Stalker Fighter began the quest for
                  | the Orb.
     0 | D:1      | Reached XP level 1. HP: 11/11 MP: 2/2
     0 | D:1      | magus.rc [v1.9.6]
   119 | D:1      | Reached XP level 2. HP: 9/16 MP: 0/3
   266 | D:1      | Reached skill level 2 in Axes
   326 | D:1      | You pick up a book of Maledictions and begin reading...
   326 | D:1      | You add the spells Tukima's Dance, Anguish and Enfeeble to
                  | your library.
   734 | D:1      | Reached skill level 3 in Fighting
   734 | D:1      | Reached skill level 3 in Shields
   917 | D:1      | Reached XP level 3. HP: 16/20 MP: 4/4
  1738 | D:2      | Identified the +6 scale mail "Ceihi" {*Corrode rC+ Int+3}
  1852 | D:2      | Gained mutation: Your natural rate of healing is unusually
                  | fast. [Vine Stalker growth]
  1852 | D:2      | Reached XP level 4. HP: 24/24 MP: 5/5
  1917 | D:2      | Found a faded altar of an unknown god.
  2099 | D:3      | Reached skill level 3 in Armour
  2099 | D:3      | Reached skill level 1 in Spellcasting
  2099 | D:3      | Reached XP level 5. HP: 24/28 MP: 4/7
  2146 | D:3      | You pick up a book of Blood and begin reading...
  2146 | D:3      | You add the spells Sublimation of Blood, Wereblood and
                  | Summon Hydra to your library.
  2343 | D:3      | Found a shimmering altar of Xom.
  2945 | D:4      | Noticed Natasha
  2949 | D:4      | Killed Natasha
  2996 | D:4      | Noticed Natasha
  3022 | D:3      | Reached skill level 1 in Dodging
  3056 | D:4      | Found Uduofoxkiack's Assorted Antiques.
  3085 | D:4      | Killed Natasha
  3114 | D:4      | Noticed Natasha
  3125 | D:4      | Reached XP level 6. HP: 26/32 MP: 4/9
  3125 | D:4      | Killed Natasha
  3137 | D:4      | Reached skill level 3 in Axes
  3234 | D:4      | Reached skill level 2 in Spellcasting
  3239 | D:4      | HP: 7/33 [gnoll (4)]
  3330 | D:4      | Reached XP level 7. HP: 37/37 MP: 11/11
  3391 | D:4      | You pick up a book of Displacement and begin reading...
  3391 | D:4      | You add the spells Lesser Beckoning, Gell's Gravitas and
                  | Teleport Other to your library.
  3486 | D:4      | Found a hazy altar of Hepliaklqana.
  3625 | D:4      | Found the amulet of Vitality {Regen+ HP+15}
  3670 | D:5      | Entered Level 5 of the Dungeon
  3697 | D:5      | Reached skill level 4 in Fighting
  3772 | D:5      | Found a radiant altar of Vehumet.
  3778 | D:5      | Reached skill level 4 in Shields
  3812 | D:5      | Found a staircase to the Ecumenical Temple.
  3817 | D:5      | You pick up a book of Party Tricks and begin reading...
  3817 | D:5      | You add the spells Apportation and Alistair's Intoxication
                  | to your library.
  3825 | D:5      | Noticed Menkaure
  3828 | Temple   | Entered the Ecumenical Temple
  3898 | Temple   | Became a worshipper of the Shining One
  3930 | D:5      | Killed Menkaure
  3931 | D:5      | Reached skill level 2 in Dodging
  4054 | D:5      | Reached skill level 1 in Invocations
  4054 | D:5      | Gained mutation: You have razor-sharp teeth. [Vine Stalker
                  | growth]
  4054 | D:5      | Reached XP level 8. HP: 42/42 MP: 13/13
  4064 | D:5      | Reached skill level 4 in Armour
  4064 | D:5      | Reached skill level 3 in Spellcasting
  4064 | D:5      | Reached skill level 1 in Summonings
  4240 | D:5      | You pick up a book of Burglary and begin reading...
  4240 | D:5      | You add the spells Passwall, Ensorcelled Hibernation and
                  | Swiftness to your library.
  4292 | D:5      | Reached skill level 4 in Axes
  4858 | D:5      | Reached skill level 2 in Invocations
  4921 | D:6      | Reached skill level 2 in Summonings
  4936 | D:6      | Reached * piety under the Shining One
  5070 | D:5      | Reached skill level 3 in Dodging
  5262 | D:6      | Reached XP level 9. HP: 46/46 MP: 15/15
  5399 | D:6      | Reached skill level 5 in Fighting
  5523 | D:6      | Reached skill level 4 in Spellcasting
  5599 | D:6      | Found a transporter.
  5656 | D:6      | Reached skill level 3 in Invocations
  5720 | D:6      | Reached skill level 3 in Summonings
  5913 | D:6      | Found a transporter.
  5914 | D:6      | Noticed Clumpoid's ghost (amateur GrFi)
  5917 | D:6      | Identified the +3 great mace "Ipriwixi" {venom, rF- Str-5
                  | Int+9}
  6259 | D:7      | Found a snail-covered altar of Cheibriados.
  6259 | D:7      | Reached ** piety under the Shining One
  6286 | D:7      | Reached skill level 5 in Axes
  6286 | D:7      | Reached skill level 5 in Armour
  6866 | D:8      | Reached skill level 4 in Dodging
  6866 | D:8      | Reached skill level 4 in Invocations
  6921 | D:8      | Reached XP level 10. HP: 53/53 MP: 18/18
  6926 | D:8      | You pick up a book of Necromancy and begin reading...
  6926 | D:8      | You add the spells Pain, Animate Skeleton and Vampiric
                  | Draining to your library.
  6957 | D:8      | You pick up a book of Lightning and begin reading...
  6957 | D:8      | You add the spells Static Discharge, Lightning Bolt and
                  | Maxwell's Capacitive Coupling to your library.
  7218 | D:8      | Reached skill level 5 in Spellcasting
  7261 | D:8      | Noticed a two-headed ogre
  7315 | D:8      | Killed a two-headed ogre
  7367 | D:8      | You pick up a book of Transfigurations {@e2} and begin
                  | reading...
  7367 | D:8      | You add the spells Irradiate, Blade Hands and Dragon Form
                  | to your library.
  7437 | D:8      | Found Koofab's Book Shoppe.
  7438 | D:8      | You add the spells Flame Wave, Sticky Flame and Starburst
                  | to your library.
  7438 | D:8      | Got the Incunabulum of the Volcanoes
  7752 | D:8      | Reached skill level 6 in Fighting
  7760 | D:9      | Reached *** piety under the Shining One
  7833 | D:9      | You pick up a book of Party Tricks and begin reading...
  7847 | D:9      | Found a staircase to the Orcish Mines.
  7855 | D:9      | Reached **** piety under the Shining One
  7865 | D:9      | Reached skill level 1 in Transmutations
  7929 | D:9      | Reached skill level 5 in Shields
  7945 | D:9      | Reached ***** piety under the Shining One
  8071 | D:9      | Reached skill level 5 in Invocations
  8187 | D:9      | Reached skill level 2 in Transmutations
  8487 | D:10     | Entered Level 10 of the Dungeon
  8602 | D:10     | Noticed a two-headed ogre
  8620 | D:9      | Reached skill level 6 in Spellcasting
  8650 | D:9      | Reached skill level 5 in Dodging
  8650 | D:9      | Reached XP level 11. HP: 58/58 MP: 18/21
  8668 | D:9      | HP: 16/71 [wight (13)]
  8668 | D:9      | Mangled by a two-headed ogre

Vanquished Creatures
  A two-headed ogre (D:8)
  2 shadows (D:9)
  A vampire (D:9)
  A wyvern (D:9)
  A wraith (D:9)
  A yak (D:9)
  Menkaure (D:5)
  3 water moccasins
  An acid dragon (D:9)
  An orc warrior (D:8)
  An ice beast (D:7)
  3 wolves (D:9)
  2 ogres (D:5)
  A black bear (D:7)
  2 hornet zombies
  5 necrophages
  4 centaurs
  3 phantoms
  3 kobold brigands
  A bullfrog (D:7)
  A gnoll sergeant (D:6)
  A wyvern zombie (D:7)
  3 scorpions
  A troll zombie (D:9)
  5 howler monkeys (D:9)
  18 wights
  An electric eel (D:6)
  A bullfrog zombie (D:5)
  4 centaur zombies
  A hound (D:6)
  A jelly (D:4)
  2 orc priests
  3 gnoll shamans
  A bullfrog skeleton (D:6)
  6 iguanas
  Natasha (thrice) (D:4)
  An orc wizard (D:8)
  7 ogre zombies (D:9)
  A hound skeleton (D:4)
  A howler monkey skeleton (D:5)
  7 adders
  16 gnolls
  3 howler monkey zombies
  10 orcs
  6 ball pythons
  4 bats
  12 endoplasms
  2 giant cockroaches
  8 goblins
  8 hobgoblins
  4 jackals
  8 quokkas
  4 frilled lizards
  A goblin skeleton (D:9)
  2 goblin zombies (D:9)
  4 hobgoblin zombies (D:9)
  25 kobolds
  2 orc skeletons (D:9)
  16 orc zombies (D:9)
  8 rats
  A spectral orc (D:4)
251 creatures vanquished.

Vanquished Creatures (others)
  2 fungi (D:10)
  19 plants
21 creatures vanquished.

Grand Total: 272 creatures vanquished

Table legend:
 A = Non-vault XP
 B = Vault XP
 C = Vault XP percentage of total XP
 D = Non-vault monster count
 E = Vault monster count
 F = Vault count percentage of total count
                 A         B        C        D         E       F
            +---------+---------+-------+---------+---------+-------
      Total |    6912 |    2508 |  26.6 |     187 |      64 |  25.5
            +---------+---------+-------+---------+---------+-------
        D:1 |      35 |       0 |   0.0 |      22 |       0 |   0.0
        D:2 |      61 |      11 |  15.3 |      22 |       7 |  24.1
        D:3 |     111 |       0 |   0.0 |      25 |       0 |   0.0
        D:4 |     366 |      39 |   9.6 |      21 |       3 |  12.5
        D:5 |    1032 |     399 |  27.9 |      27 |       4 |  12.9
        D:6 |    1157 |       0 |   0.0 |      22 |       0 |   0.0
        D:7 |    1069 |       0 |   0.0 |      12 |       0 |   0.0
        D:8 |    1825 |     156 |   7.9 |      23 |       2 |   8.0
        D:9 |    1256 |    1903 |  60.2 |      13 |      48 |  78.7
            +---------+---------+-------+---------+---------+-------

Illustrated notes

Table legend:
 A = Kills in this place as a percentage of kills in entire the game.
 B = Kills by you in this place as a percentage of kills by you in the entire game.
 C = Kills by friends in this place as a percentage of kills by friends in the entire game.
 D = Other kills in this place as a percentage of other kills in the entire game.
 E = Experience gained in this place as a percentage of experience gained in the entire game.
 F = Experience gained in this place divided by the number of levels of this place that you have seen.
                   A       B       C       D       E      F
               +-------+-------+-------+-------+-------+----------------------
         Total | 100.0 | 100.0 |   N/A |   N/A | 100.0 | 856.4
       Dungeon | 100.0 | 100.0 |   N/A |   N/A | 100.0 | 942.0
               +-------+-------+-------+-------+-------+----------------------

Table legend: (Time is in decaauts)
 A = Elapsed time spent in this place.
 B = Non-inter-level travel time spent in this place.
 C = Inter-level travel time spent in this place.
 D = Time resting spent in this place.
 E = Time spent auto-exploring this place.
 F = Levels seen in this place.
 G = Mean time per level.
                   A        B        C        D        E       F      G
               +--------+--------+--------+--------+--------+-----+--------+
         Total |   8929 |   8143 |    786 |    326 |   5805 |  11 |  811.7 |
       Dungeon |   8835 |   8072 |    763 |    326 |   5759 |  10 |  883.5 |
        Temple |     94 |     71 |     23 |      0 |     46 |   1 |   94.0 |
               +--------+--------+--------+--------+--------+-----+--------+

Top non-repeatable levels by time:
     D:5: 1330 daAuts
     D:1: 1114 daAuts
     D:6: 1047 daAuts
     D:2: 1002 daAuts
     D:8: 990 daAuts
     D:9: 941 daAuts
     D:3: 939 daAuts
     D:7: 741 daAuts
     D:4: 713 daAuts
  Temple: 94 daAuts
    D:10: 14 daAuts
